 Dungeon Crawl Stone Soup version 0.21.1-1-g345015f (webtiles) character file.

259398 beigtais the Severer (level 19, -9/149 HPs)
             Began as a Demonspawn Fighter on May 24, 2018.
             Was a High Priest of Trog.
             Splashed by an acid blob's acid (12 damage)
             ... on level 4 of the Pits of Slime on May 25, 2018.
             The game lasted 06:43:51 (45522 turns).

beigtais the Severer (Demonspawn Fighter)          Turns: 45522, Time: 06:43:53

Health: -9/149     AC: 17    Str: 17    XL:     19   Next: 14%
Magic:  6/6        EV: 13    Int: 15    God:    Trog [*****.]
Gold:   2196       SH: 24    Dex: 29    Spells: 18/18 levels left

rFire    + + .     SeeInvis .   W - +5 broad axe (antimagic)
rCold    + + .     Gourm    .   c - +5 shield
rNeg     . . .     Faith    .   q - +1 plate armour {rF+}
rPois    +         Spirit   .   h - +1 hat of Marbles {*Contam Int+5}
rElec    .         Reflect  +   u - +0 cloak
rCorr    .         Harm     .   (gloves unavailable)
MR       ++...                  s - +1 pair of boots "Nanus" {Dex+7}
Stlth    ..........             N - +4 amulet of reflection
HPRegen  0.34/turn              L - ring of protection from magic
MPRegen  0.10/turn              F - +4 ring of protection

@: corroded
A: antennae 2, claws 3, hooves 2, agile 1, cold resistance 2, fire resistance 1,
poison resistance, spiny 3, freezing cloud immunity
}: 2/15 runes: decaying, serpentine
a: Berserk, Trog's Hand, Brothers in Arms, Burn Spellbooks, Renounce Religion


You were on level 4 of the Pits of Slime.
You worshipped Trog.
Trog was extremely pleased with you.
You were very hungry.

You visited 8 branches of the dungeon, and saw 38 of its levels.

You collected 2910 gold pieces.
You spent 714 gold pieces at shops.

Inventory:

Hand Weapons
 n - the +7 morningstar of Certain Death {elec, *Drain rElec rPois Dex+4}
   (You took it off a yaktaur captain on level 14 of the Dungeon)

   Occasionally, upon striking a foe, it will discharge some electrical energy
   and cause terrible harm.
   It affects your dexterity (+4).
   It insulates you from electricity.
   It protects you from poison.
   It causes draining when unequipped.
 w - a +5 antimagic war axe
 x - the +7 hand axe of Defence {freeze, rF++ MR- Dex+3}
   (Trog gifted it to you on level 14 of the Dungeon)

   It has been specially enchanted to freeze those struck by it, causing extra
   injury to most foes and up to half again as much damage against particularly
   susceptible opponents.
   It can also slow down cold-blooded creatures.
   It affects your dexterity (+3).
   It greatly protects you from fire.
   It affects your resistance to hostile enchantments.
 y - a +2 hand axe of flaming
 A - a +2 war axe of electrocution
 W - a +5 antimagic broad axe (weapon)
Missiles
 e - 8 tomahawks
 v - 2 steel javelins
 R - 7 silver tomahawks
 S - 6 javelins
 T - 7 javelins of returning
 Y - 13 poisoned javelins
 Z - 2 tomahawks of returning (quivered)
Armour
 c - a +5 shield (worn)
 h - the +1 hat of Marbles (worn) {*Contam Int+5}
   (You acquired it on level 2 of the Snake Pit)

   It affects your intelligence (+5).
   It causes magical contamination when unequipped.
 q - a +1 plate armour of fire resistance (worn)
 s - the +1 pair of boots "Nanus" (worn) {Dex+7}
   (You found it on level 7 of the Dungeon)

   It affects your dexterity (+7).
 u - a +0 cloak (worn)
 P - a +0 large shield of protection
Jewellery
 F - a +4 ring of protection (right claw)
 I - an uncursed amulet of regeneration
 L - a ring of protection from magic (left claw)
 N - a +4 amulet of reflection (around neck)
Wands
 b - a wand of disintegration (47)
 d - a wand of acid (7)
 g - a wand of paralysis (41)
 m - a wand of iceblast (30)
 t - a wand of clouds (4)
 E - a wand of digging (31)
 J - a wand of flame (25)
Scrolls
 i - 9 scrolls of teleportation
 j - a scroll of blinking
 k - 2 scrolls of magic mapping
 o - 14 scrolls of remove curse
 p - 3 scrolls of fog
 z - 2 scrolls of immolation
 B - 7 scrolls of fear
 O - 2 scrolls of torment
 V - a scroll of silence
Potions
 a - 10 potions of curing
 l - a potion of cancellation
 r - a potion of might
 D - 3 potions of flight
 G - 2 potions of magic
 H - a potion of invisibility
 K - 5 potions of haste
 M - 2 potions of agility
Books
 C - a book of the Earth

   Spells                             Type                      Level
   a - Leda's Liquefaction            Hexes/Earth                  4
   b - Bolt of Magma                  Conjuration/Fire/Earth       5
   c - Statue Form                    Transmutation/Earth          6
   d - Iron Shot                      Conjuration/Earth            6
   e - Shatter                        Earth                        9
   Trog disapproves of the use of such an item.
 Q - a book of Power

   Spells                             Type                      Level
   a - Iskenderun's Battlesphere      Conjuration/Charms           5
   b - Venom Bolt                     Conjuration/Poison           5
   c - Bolt of Magma                  Conjuration/Fire/Earth       5
   d - Iron Shot                      Conjuration/Earth            6
   e - Orb of Destruction             Conjuration                  7
   f - Spellforged Servitor           Conjuration/Summoning        7
   Trog disapproves of the use of such an item.
 U - a book of Conjurations

   Spells                             Type                      Level
   a - Magic Dart                     Conjuration                  1
   b - Searing Ray                    Conjuration                  2
   c - Dazzling Spray                 Conjuration/Hexes            3
   d - Fulminant Prism                Conjuration/Hexes            4
   e - Force Lance                    Conjuration/Translocation    4
   f - Iskenderun's Mystic Blast      Conjuration                  4
   Trog disapproves of the use of such an item.
 X - a book of Beasts

   Spells                             Type                      Level
   a - Summon Butterflies             Summoning                    1
   b - Call Canine Familiar           Summoning                    3
   c - Summon Ice Beast               Ice/Summoning                4
   d - Summon Mana Viper              Hexes/Summoning              5
   e - Summon Hydra                   Summoning                    7
   Trog disapproves of the use of such an item.
Comestibles
 f - 26 rations


   Skills:
 + Level 13.1 Fighting
 + Level 17.5 Axes
 + Level 10.2 Throwing
 * Level 12.3 Armour
 * Level 10.4 Dodging
 + Level 1.5 Stealth
 * Level 15.7 Shields
 - Level 1.0 Unarmed Combat
 + Level 1.4 Evocations


You had 18 spell levels left.
You didn't know any spells.

Dungeon Overview and Level Annotations

Branches:
Dungeon (15/15)            Temple (0/1) D:7            Lair (6/6) D:11
  Swamp (4/4) Lair:3        Snake (4/4) Lair:3        Slime (5/5) Lair:6
    Orc (2/2) D:12            Elf (1/3) Orc:2        Vaults (0/5) D:14
 Depths (1/5) D:15

Altars:
Ashenzari
Dithmenos
Fedhas
Kikubaaqudgha
Makhleb
Ru
Trog
Xom
Yredelemnul
The Shining One
Beogh
Jiyva

Shops:
D:9 [   D:10 ?   D:11 ?   Orc:2 =([*[

Annotations:
Lair:3 exclusion: 4 oklob plants


Innate Abilities, Weirdness & Mutations

You have a pair of antennae on your head.
You have claws for hands.
You have hoof-like feet.
Your flesh is very cold resistant. (rC++)
You are completely covered in sharp spines.
You are immune to freezing clouds.
You are agile. (Dex +2)
Your flesh is heat resistant. (rF+)
Your system is resistant to poisons. (rPois)


Message History

The splash of acid hits you! The acid corrodes you!
You are splashed with acid!
The acid burns!
* * * LOW HITPOINT WARNING * * *
The acid blob spits acid at you. The splash of acid hits you!
You are splashed with acid!
The acid burns!
* * * LOW HITPOINT WARNING * * *
The acid blob jiggles.
Your iron troll goes berserk!
You feel quite a bit more hungry. The acid blob spits acid at you.
The splash of acid hits you!
* * * LOW HITPOINT WARNING * * *
You are splashed with acid!
The acid burns!
* * * LOW HITPOINT WARNING * * *
Okay, then.
The acid blob spits acid at you. The splash of acid hits you!
* * * LOW HITPOINT WARNING * * *
You are splashed with acid!
The acid burns!
You die...

.........
###........
...###...........
...#.........#...
..................
.......<..........
....#...........#...
.<..#..........##...
.......@...........
#...........#......
###.....JJT........
........J.J........
.................._
...........>.......
...................
..................#
...............#.##


You could see 2 acid blobs, an enormous slime creature, a slime creature and a
friendly iron troll (berserk).

Vanquished Creatures
  4 acid blobs
  Gastronok (Orc:1)
  Agnes (Snake:2)
  A thorn hunter (Swamp:3)
  5 nagarajas (Snake:4)
  3 azure jellies
  A frost giant (D:15)
  Aizul (Snake:1)
  A very ugly thing (Swamp:2)
  A great orb of eyes (Slime:4)
  Josephine (Lair:5)
  Harold (D:10)
  14 naga warriors
  A yaktaur captain (D:14)
  28 hydras
  A ghost crab (Swamp:1)
  Erolcha (D:12)
  Erica (D:8)
  A merfolk avatar (Lair:6)
  5 centaur warriors
  A catoblepas (D:14)
  17 anacondas
  6 death yaks
  A dancing weapon (Orc:2)
  7 alligators
  21 two-headed ogres
  4 ogre magi (Orc:2)
  5 naga sharpshooters
  11 shock serpents
  4 tengu warriors (D:15)
  Nergalle (D:10)
  4 salamander mystics
  3 skeletal warriors (D:14)
  An unseen horror (D:15)
  5 sea snakes
  A wizard (Swamp:1)
  4 spriggan druids
  11 naga ritualists
  13 swamp dragons
  2 shambling mangroves (Swamp:4)
  Pikel (D:8)
  2 orc knights
  An orc sorcerer (D:12)
  9 mana vipers
  2 shining eyes
  21 ugly things
  4 oklob plants (Lair:5)
  2 harpies (Lair:6)
  2 deep elf magi
  A moth of wrath (shapeshifter) (D:14)
  12 salamanders
  3 manticores
  2 cyclopes
  A salamander (shapeshifter) (D:15)
  3 centaur zombies
  32 black mambas
  12 elephants
  A torpor snail (Lair:6)
  27 naga magi
  Psyche (D:10)
  4 gargoyles
  A guardian serpent (Snake:3)
  22 spiny frogs
  10 komodo dragons
  5 rime drakes (Lair:6)
  3 yaktaurs
  3 wind drakes (Lair:6)
  A polar bear (Lair:6)
  11 trolls
  6 tyrant leeches
  Prince Ribbit (Lair:1)
  15 blink frogs
  39 slime creatures
  11 hornets
  10 dream sheep
  8 hippogriffs
  5 bog bodies
  7 shadows
  A vampire (D:13)
  A yak (shapeshifter) (D:15)
  A water elemental (D:15)
  6 spriggans
  4 wraiths (Lair:5)
  2 hogs (Lair:6)
  4 wyverns
  A human (Lair:6)
  41 yaks
  38 vampire mosquitoes
  The ghost of cultivahabas the Cudgeler, an amateur DsMo (D:3)
  A hungry ghost (D:14)
  4 basilisks
  19 swamp worms
  34 insubstantial wisps
  3 wargs
  44 nagas
  An acid dragon (D:15)
  8 water moccasins
  9 porcupines
  14 swamp drakes
  19 orc warriors
  8 sky beasts
  2 ice beasts
  A black bear (D:9)
  4 phantoms
  2 eyes of draining
  A slave (D:8)
  12 centaurs
  4 necrophages (Lair:5)
  29 wolves
  23 ogres
  17 crocodiles
  4 big kobolds
  14 bullfrogs
  3 scorpions
  7 killer bees
  12 wights
  2 vampire bats (D:8)
  4 howler monkeys
  10 crimson imps
  2 bullfrog zombies
  5 hounds
  3 jellies
  15 orc priests
  22 orc wizards
  A bullfrog skeleton (D:12)
  4 centaur skeletons
  A gnoll shaman (D:9)
  8 iguanas
  8 worker ants
  A hound zombie (D:6)
  A howler monkey zombie (D:5)
  8 gnolls
  12 adders
  2 shadow imps (D:12)
  3 worms
  5 dart slugs
  5 leopard geckos
  73 orcs
  6 bats
  2 bat skeletons (D:8)
  2 bat zombies (D:8)
  9 giant cockroaches
  16 goblins
  11 hobgoblins
  4 jackals
  16 kobolds
  4 quokkas
  4 ball pythons
  6 frilled lizards
  A goblin skeleton (D:4)
  2 jackal skeletons
  A quokka skeleton (D:4)
  2 quokka zombies
  5 rats
  8 fungi
  16 plants
1205 creatures vanquished.

Vanquished Creatures (collateral kills)
  Rupert (Lair:4)
  Kirke (Lair:6)
  Donald (Snake:1)
  2 nagarajas
  Roxanne (Snake:2)
  2 naga warriors (Snake:4)
  A catoblepas (Lair:6)
  2 shock serpents
  5 naga sharpshooters
  A shambling mangrove (Swamp:1)
  2 mana vipers (Snake:1)
  6 black mambas
  A naga mage (Snake:4)
  A spiny frog (Lair:6)
  A rime drake (Lair:4)
  2 hornets (Swamp:1)
  7 nagas
  A water moccasin (Lair:4)
38 creatures vanquished.

Vanquished Creatures (others)
  A cyclops (D:14)
  2 dream sheep (Lair:6)
  3 humans (Lair:6)
  A swamp worm (Swamp:4)
  A swamp drake (Swamp:4)
  A crocodile (Lair:6)
  An orc wizard (D:13)
  A bat zombie (D:8)
  3 briar patches (Swamp:3)
  2 fungi (Lair:6)
  10 plants
26 creatures vanquished.

Grand Total: 1269 creatures vanquished

Notes
Turn   | Place    | Note
-------+----------+-------------------------------------------
     0 | D:1      | beigtais the Demonspawn Fighter began the quest for the Orb.
     0 | D:1      | Reached XP level 1. HP: 18/18 MP: 1/1
   160 | D:1      | Reached skill level 2 in Axes
   160 | D:1      | Gained mutation: Your flesh is cold resistant. (rC+) [demonic ancestry]
   160 | D:1      | Reached XP level 2. HP: 24/24 MP: 2/2
   791 | D:1      | Reached XP level 3. HP: 25/29 MP: 3/3
  1643 | D:2      | Found a shimmering altar of Xom.
  2079 | D:2      | Gained mutation: You have large cloven feet. [demonic ancestry]
  2079 | D:2      | Reached XP level 4. HP: 27/35 MP: 4/4
  2360 | D:2      | Found a blossoming altar of Fedhas.
  2716 | D:3      | Reached skill level 1 in Throwing
  2730 | D:3      | Noticed cultivahabas's ghost (amateur DsMo)
  3085 | D:4      | Reached skill level 1 in Dodging
  3291 | D:4      | Found a runed door.
  3291 | D:4      | Noticed a human
  3293 | D:4      | Found a basalt altar of Yredelemnul.
  3532 | D:4      | Found a bloodstained altar of Trog.
  3535 | D:4      | Became a worshipper of Trog the Wrathful
  3585 | D:4      | Reached skill level 3 in Axes
  3585 | D:4      | Reached XP level 5. HP: 37/41 MP: 5/5
  4170 | D:4      | Noticed an ogre
  4177 | D:4      | Killed an ogre
  4177 | D:4      | Reached XP level 6. HP: 32/48 MP: 6/6
  4457 | D:5      | Entered Level 5 of the Dungeon
  4685 | D:5      | Reached skill level 4 in Axes
  4758 | D:5      | Gained mutation: You are partially covered in sharp spines. [demonic ancestry]
  4758 | D:5      | Reached XP level 7. HP: 50/53 MP: 7/7
  5000 | D:5      | Reached * piety under Trog
  5119 | D:5      | Found a glowing golden altar of the Shining One.
  5119 | D:5      | Found a sacrificial altar of Ru.
  5552 | D:6      | Reached skill level 5 in Axes
  5765 | D:6      | Gained mutation: You have a pair of small antennae on your head. [demonic ancestry]
  5765 | D:6      | Reached XP level 8. HP: 48/60 MP: 8/8
  6066 | D:6      | Reached skill level 6 in Axes
  6419 | D:5      | Reached ** piety under Trog
  6586 | D:6      | Reached skill level 5 in Shields
  6893 | D:6      | Reached skill level 5 in Fighting
  7223 | D:3      | Killed cultivahabas's ghost
  7437 | D:7      | Reached skill level 5 in Armour
  7437 | D:7      | Gained mutation: You have sharp fingernails. [demonic ancestry]
  7437 | D:7      | Reached XP level 9. HP: 68/68 MP: 9/9
  7700 | D:7      | Found a shadowy altar of Dithmenos.
  7751 | D:7      | Reached *** piety under Trog
  7751 | D:7      | Reached skill level 7 in Axes
  8125 | D:7      | Found a staircase to the Ecumenical Temple.
  8138 | D:7      | Got a pair of twisted boots
  8155 | D:7      | Identified the +1 pair of boots "Nanus" {Dex+7} (You found it on level 7 of the Dungeon)
  8696 | D:8      | Noticed a two-headed ogre
  8718 | D:8      | Killed a two-headed ogre
  8926 | D:8      | Found a burning altar of Makhleb.
  8988 | D:8      | Noticed Pikel
  9006 | D:8      | Killed Pikel
  9006 | D:8      | Reached skill level 8 in Axes
  9006 | D:8      | Gained mutation: You have very sharp fingernails. [demonic ancestry]
  9006 | D:8      | Reached XP level 10. HP: 63/76 MP: 10/10
  9318 | D:8      | Found an ancient bone altar of Kikubaaqudgha.
  9751 | D:9      | Found Dusow's Antique Armour Shop.
  9814 | D:9      | Noticed Erica
 10317 | D:9      | Reached **** piety under Trog
 10719 | D:10     | Entered Level 10 of the Dungeon
 11087 | D:10     | Noticed a two-headed ogre
 11094 | D:10     | Killed a two-headed ogre
 11094 | D:10     | Reached skill level 1 in Evocations
 11176 | D:10     | Noticed Psyche
 11188 | D:10     | Killed Psyche
 11325 | D:10     | Noticed Nergalle
 11337 | D:10     | Noticed Harold
 11473 | D:10     | Killed Harold
 11473 | D:10     | Reached skill level 9 in Axes
 11843 | D:10     | Found Adujad's Magic Scroll Emporium.
 11853 | D:10     | Bought a scroll of blinking for 112 gold pieces
 11896 | D:10     | Killed Nergalle
 11896 | D:10     | Reached skill level 5 in Dodging
 11896 | D:10     | Gained mutation: You have a pair of antennae on your head. [demonic ancestry]
 11896 | D:10     | Reached XP level 11. HP: 56/81 MP: 11/11
 12142 | D:8      | Killed Erica
 12608 | D:11     | Found a staircase to the Lair.
 12657 | D:12     | Noticed a two-headed ogre
 12686 | D:12     | Noticed a green ugly thing
 12850 | D:11     | Found Canloos's Magic Scroll Shoppe.
 12872 | D:11     | Bought 2 scrolls of fear for 84 gold pieces
 12872 | D:11     | Bought a scroll of teleportation for 36 gold pieces
 13375 | D:11     | Reached skill level 10 in Axes
 13500 | Lair:1   | Entered Level 1 of the Lair of Beasts
 13727 | Lair:1   | Reached skill level 5 in Throwing
 13741 | Lair:1   | Reached ***** piety under Trog
 14582 | Lair:1   | Noticed Prince Ribbit
 14589 | Lair:1   | Killed Prince Ribbit
 14902 | Lair:1   | Reached XP level 12. HP: 78/91 MP: 12/12
 15469 | Lair:1   | Gained mutation: Potions are less effective at restoring your health. [potion of mutation]
 15469 | Lair:1   | Gained mutation: You are covered in fur. (AC +1) [potion of mutation]
 15738 | Lair:2   | Noticed a six-headed hydra
 15752 | Lair:2   | Killed a one-headed hydra
 15956 | Lair:2   | Noticed a death yak
 15956 | Lair:2   | Noticed a death yak
 15972 | Lair:2   | Noticed a death yak
 15993 | Lair:1   | Killed a death yak
 15993 | Lair:1   | Received a gift from Trog
 16211 | Lair:1   | Killed a death yak
 16211 | Lair:1   | Reached skill level 11 in Axes
 16304 | Lair:2   | Killed a death yak
 16675 | Lair:3   | Found a staircase to the Swamp.
 16675 | Lair:3   | Noticed a four-headed hydra
 16685 | Lair:3   | Killed a one-headed hydra
 17188 | Lair:3   | Found a staircase to the Snake Pit.
 17312 | Lair:3   | Received a gift from Trog
 17612 | Lair:4   | Noticed an eight-headed hydra
 17622 | Lair:4   | Killed a three-headed hydra
 17632 | Lair:4   | Noticed a death yak
 17632 | Lair:4   | Noticed a death yak
 17632 | Lair:4   | Noticed a death yak
 17661 | Lair:3   | Killed a death yak
 17696 | Lair:3   | Killed a death yak
 17735 | Lair:4   | Killed a death yak
 17867 | Lair:4   | Noticed Rupert
 17875 | Lair:4   | Killed Rupert
 17875 | Lair:4   | Reached XP level 13. HP: 98/98 MP: 13/13
 18104 | Lair:4   | Reached skill level 10 in Shields
 18263 | Lair:4   | Reached skill level 12 in Axes
 18264 | Lair:4   | Received a gift from Trog
 19636 | Lair:5   | Got a coiled copper ring
 20179 | Lair:6   | Entered Level 6 of the Lair of Beasts
 20220 | Lair:6   | Noticed Josephine
 20289 | Lair:5   | Killed Josephine
 20504 | Lair:6   | Reached skill level 13 in Axes
 20568 | Lair:6   | Gained mutation: You have claws for hands. [demonic ancestry]
 20568 | Lair:6   | Reached XP level 14. HP: 108/108 MP: 14/14
 20851 | Lair:6   | Lost mutation: Potions are less effective at restoring your health. [potion of mutation]
 20851 | Lair:6   | Gained mutation: You are robust. (+10% HP) [potion of mutation]
 20851 | Lair:6   | Gained mutation: You tend to lose your temper in combat. [potion of mutation]
 20851 | Lair:6   | Gained mutation: Your body sometimes deteriorates upon taking damage. [potion of mutation]
 20851 | Lair:6   | Gained mutation: You evolve. [potion of mutation]
 21376 | Lair:6   | Received a gift from Trog
 21511 | Lair:6   | Gained mutation: Your magical capacity is low. (-10% MP) [evolution]
 21675 | Lair:6   | Got a crude mace
 21780 | Lair:6   | Noticed Kirke
 21803 | Lair:6   | Killed Kirke
 21950 | Lair:6   | Found a viscous altar of Jiyva.
 21950 | Lair:6   | Found a staircase to the Slime Pits.
 22384 | D:12     | Noticed Erolcha
 22390 | D:12     | Killed Erolcha
 22610 | D:12     | Identified the ring "Conekuce" {Wiz rC+ Dex+4} (You found it on level 5 of the Lair of Beasts)
 22792 | D:12     | Found a staircase to the Orcish Mines.
 23356 | Orc:1    | Entered Level 1 of the Orcish Mines
 23356 | Orc:1    | Noticed Gastronok
 23357 | Orc:1    | Paralysed by an orc sorcerer for 3 turns
 23507 | D:12     | Identified the +6 mace of Evisceration {freeze, rElec MR- Int+4} (You found it on level 6 of the Lair of Beasts)
 23540 | Orc:1    | Killed Gastronok
 23574 | Orc:1    | Lost mutation: You tend to lose your temper in combat. [evolution]
 23948 | Orc:2    | Entered Level 2 of the Orcish Mines
 23965 | Orc:2    | Reached ****** piety under Trog
 23975 | Orc:2    | Received a gift from Trog
 24235 | Orc:2    | Found Poelusiw's Armour Emporium.
 24498 | Orc:2    | Found a roughly hewn altar of Beogh.
 24541 | Orc:2    | Found a staircase to the Elven Halls.
 24634 | Orc:2    | Reached skill level 14 in Axes
 24659 | Orc:2    | Reached skill level 10 in Fighting
 24659 | Orc:2    | Gained mutation: You are mostly covered in sharp spines. [demonic ancestry]
 24659 | Orc:2    | Reached XP level 15. HP: 106/126 MP: 4/14
 24662 | Orc:2    | Received a gift from Trog
 24992 | Orc:2    | Found Laxuboh's Jewellery Boutique.
 24992 | Orc:2    | Found Uteqan's Armour Emporium.
 24994 | Orc:2    | Found Jiuc's General Store.
 24994 | Orc:2    | Found Caedwauh's Antique Weapon Emporium.
 25011 | Orc:2    | Bought a scroll of identify for 22 gold pieces
 25011 | Orc:2    | Bought a potion of haste for 110 gold pieces
 25017 | Orc:2    | Bought a +1 plate armour of fire resistance for 350 gold pieces
 25244 | Snake:1  | Entered Level 1 of the Snake Pit
 25624 | Snake:1  | Reached skill level 10 in Armour
 26357 | Snake:2  | Noticed Agnes
 26439 | Snake:2  | Killed Agnes
 26685 | Snake:1  | Received a gift from Trog
 26767 | Snake:2  | Noticed a nagaraja
 26843 | Snake:2  | Killed a nagaraja
 26928 | Snake:2  | Noticed Roxanne
 26944 | Snake:2  | Noticed Donald
 27036 | Snake:1  | Received a gift from Trog
 27082 | Snake:1  | Killed Donald
 27438 | Snake:2  | Reached skill level 15 in Axes
 27438 | Snake:2  | Gained mutation: You are immune to freezing clouds. [demonic ancestry]
 27438 | Snake:2  | Reached XP level 16. HP: 132/136 MP: 5/15
 27533 | Snake:2  | Noticed Aizul
 27778 | Snake:1  | Killed Aizul
 27778 | Snake:1  | Received a gift from Trog
 27778 | Snake:1  | Reached skill level 1 in Stealth
 27953 | Snake:1  | Lost mutation: Your body sometimes deteriorates upon taking damage. [evolution]
 28791 | Snake:2  | Killed Roxanne
 28829 | Snake:3  | Identified a scroll of acquirement
 28841 | Snake:2  | Got a warped hat
 28852 | Snake:2  | Identified the +1 hat of Marbles {*Contam Int+5} (You acquired it on level 2 of the Snake Pit)
 30894 | Snake:4  | Entered Level 4 of the Snake Pit
 31112 | Snake:4  | Received a gift from Trog
 32961 | Elf:1    | Entered Level 1 of the Elven Halls
 33220 | D:13     | Gained mutation: You are completely covered in sharp spines. [demonic ancestry]
 33220 | D:13     | Reached XP level 17. HP: 114/144 MP: 5/16
 33525 | D:13     | Reached skill level 16 in Axes
 33652 | D:13     | Received a gift from Trog
 34063 | D:14     | Received a gift from Trog
 34064 | D:14     | Got an encrusted hand axe {god gift}
 34088 | D:14     | Reached skill level 10 in Dodging
 34153 | D:14     | Identified the +7 hand axe of Defence {freeze, rF++ MR- Dex+3} (Trog gifted it to you on level 14 of the Dungeon)
 34629 | D:14     | Found a gate to the Vaults.
 34803 | D:14     | Got an uncursed transparent morningstar {elec}
 34870 | D:14     | Identified the +7 morningstar of Certain Death {elec, *Drain rElec rPois Dex+4} (You took it off a yaktaur captain on level 14 of the Dungeon)
 35107 | D:15     | Entered Level 15 of the Dungeon
 35599 | D:15     | Found a staircase to the Depths.
 35753 | D:15     | Got a heavily runed scale mail
 35754 | D:15     | Identified the +1 scale mail of Benevolence {MR+ Str+8 Dex-5} (You found it on level 15 of the Dungeon)
 36368 | Depths:1 | Entered Level 1 of the Depths
 36667 | Swamp:1  | Entered Level 1 of the Swamp
 36677 | Swamp:1  | Received a gift from Trog
 38376 | Swamp:2  | Received a gift from Trog
 38515 | Swamp:2  | Lost mutation: You evolve. [evolution]
 38516 | Swamp:2  | Lost mutation: You are covered in fur. (AC +1) [potion of mutation]
 38516 | Swamp:2  | Lost mutation: You are robust. (+10% HP) [potion of mutation]
 38516 | Swamp:2  | Lost mutation: Your magical capacity is low. (-10% MP) [potion of mutation]
 38516 | Swamp:2  | Gained mutation: You expend magic power (3 MP) to strengthen your wands. [potion of mutation]
 38516 | Swamp:2  | Gained mutation: You are frail. (-10% HP) [potion of mutation]
 38516 | Swamp:2  | Gained mutation: Your system is resistant to poisons. (rPois) [potion of mutation]
 38517 | Swamp:2  | Lost mutation: You are frail. (-10% HP) [potion of mutation]
 38517 | Swamp:2  | Lost mutation: You expend magic power (3 MP) to strengthen your wands. [potion of mutation]
 38517 | Swamp:2  | Gained mutation: Your flesh is heat resistant. (rF+) [potion of mutation]
 38517 | Swamp:2  | Gained mutation: Scrolls take you a little longer to read. [potion of mutation]
 38517 | Swamp:2  | Gained mutation: You are agile. (Dex +2) [potion of mutation]
 38517 | Swamp:2  | Gained mutation: Your flesh is very cold resistant. (rC++) [potion of mutation]
 38886 | Swamp:2  | Reached XP level 18. HP: 140/141 MP: 6/19
 39511 | Swamp:2  | Received a gift from Trog
 39772 | Swamp:3  | Reached skill level 17 in Axes
 40000 | Swamp:3  | Found a shattered altar of Ashenzari.
 40394 | Swamp:3  | Received a gift from Trog
 40475 | Swamp:4  | Entered Level 4 of the Swamp
 40942 | Swamp:4  | Reached skill level 10 in Throwing
 41062 | Swamp:4  | Reached skill level 15 in Shields
 41159 | Swamp:4  | Got a decaying rune of Zot
 42250 | Snake:4  | Lost mutation: Scrolls take you a little longer to read. [the power of Zot]
 42261 | Snake:4  | Received a gift from Trog
 42305 | Snake:4  | Received a gift from Trog
 42368 | Snake:4  | Received a gift from Trog
 42948 | Snake:4  | Got a serpentine rune of Zot
 43202 | Snake:4  | Received a gift from Trog
 43919 | Slime:1  | Entered Level 1 of the Pits of Slime
 44334 | Slime:2  | Reached skill level 1 in Unarmed Combat
 44607 | Slime:4  | Gained mutation: You have hoof-like feet. [demonic ancestry]
 44607 | Slime:4  | Reached XP level 19. HP: 149/149 MP: 6/20
 44901 | Slime:5  | Entered Level 5 of the Pits of Slime
 45156 | Slime:4  | Found a viscous altar of Jiyva.
 45522 | Slime:4  | HP: 3/149 [acid blob/splash of acid (8)]
 45522 | Slime:4  | Splashed by an acid blob's acid

Skill      XL: |  1  2  3  4  5  6  7  8  9 10 11 12 13 14 15 16 17 18 |
---------------+-------------------------------------------------------+-----
Axes           | 2 3 4 5 6 8 9 10 11 13 14 15 16 17 | 17.5
Shields        | 3 4 5 6 7 8 9 10 11 12 13 14 15 | 15.7
Armour         | 3 4 5 6 7 8 9 10 11 12 | 12.3
Throwing       | 1 2 3 4 5 6 7 8 9 10 | 10.2
Dodging        | 1 2 3 4 5 6 7 8 9 10 | 10.4
Fighting       | 4 5 6 7 8 9 10 11 12 13 | 13.1
Evocations     | 1 |  1.4
Stealth        | 1 |  1.5
Unarmed Combat | 1 |  1.0

Action                   |  1- 3 |  4- 6 |  7- 9 | 10-12 | 13-15 | 16-18 | 19-21 || total
-------------------------+-------+-------+-------+-------+-------+-------+-------++-------
Melee: War axe           |   177 |   154 |   323 |   414 |   424 |    51 |       ||  1543
       Kick              |       |    34 |    89 |       |       |       |       ||   123
       Hand axe          |       |       |       |   473 |   139 |   319 |       ||   931
       Broad axe         |       |       |       |       |   656 |  1982 |    73 ||  2711
       Unarmed           |       |       |       |       |       |    44 |       ||    44
Throw: Stone             |       |    36 |    91 |    39 |    27 |       |       ||   193
       Tomahawk          |       |       |       |    31 |       |   178 |    15 ||   224
       Javelin           |       |       |       |    29 |   145 |    69 |       ||   243
       Throwing net      |       |       |       |       |     3 |     1 |       ||     4
Invok: Burn Spellbooks   |       |       |     3 |     1 |     2 |     1 |       ||     7
       Brothers in Arms  |       |       |       |     2 |     6 |    10 |     1 ||    19
       Trog's Hand       |       |       |       |     1 |       |       |       ||     1
Evoke: Wand              |       |       |     9 |    10 |    19 |    22 |     1 ||    61
  Use: Scroll            |     2 |     8 |    11 |    13 |    14 |    16 |       ||    64
       Potion            |     4 |     4 |     4 |     6 |     3 |     4 |       ||    25
 Stab: Invisible         |       |     1 |     1 |       |       |       |       ||     2
       Held in net/web   |       |       |       |       |     2 |       |       ||     2
       Paralysed         |       |       |       |       |       |     6 |       ||     6
       Distracted        |       |       |       |       |       |     2 |       ||     2
  Eat: Chunk             |     4 |     3 |    12 |    23 |    22 |    20 |       ||    84
       Ration            |       |     2 |       |     2 |     4 |    13 |       ||    21
Armor: Scale mail        |     5 |       |       |       |       |       |       ||     5
       Chain mail        |   113 |    67 |    84 |       |       |       |       ||   264
       Skin              |       |       |     5 |       |       |       |       ||     5
       Plate armour      |       |       |       |   272 |   363 |   520 |    31 ||  1186
Dodge: Dodged            |    42 |    26 |    61 |   111 |   212 |   484 |    14 ||   950
Block: Shield            |    87 |    76 |   226 |   607 |   919 |  1678 |    97 ||  3690
       Reflection        |       |       |       |       |       |    11 |     6 ||    17
